 Dungeon Crawl Stone Soup version 0.16-a0-296-gbdb9f68 (webtiles) character file.

174 Ratboiler the Sneak (level 5, -3/36 HPs)
             Began as a Halfling Assassin on Aug 29, 2014.
             Was an Initiate of Ashenzari.
             Slain by an orc
             ... wielding a +0 falchion
              (5 damage)
             ... on Level 4 of the Dungeon.
             The game lasted 00:14:08 (2932 turns).

Ratboiler the Sneak (Halfling Assassin)             Turns: 2932, Time: 00:14:10

HP  -3/36        AC  3     Str 16      XL: 5   Next: 84%
MP   5/5         EV 16     Int 10      God: Ashenzari [......]
Gold 140         SH  0     Dex 17      Spells:  0 memorised,  4 levels left

rFire  . . .     SeeInvis .     a - +1 dagger (flame)
rCold  . . .     Clarity  .     c - +0 robe
rNeg   . . .     rCorr    .     (no shield)
rPois  .         rRot     .     (no helmet)
rElec  .         Spirit   .     d - +1 cloak
SustAb .         Warding  .     (no gloves)
rMut   .         Rnd*Tele +     (no boots)
Gourm  .                        (no amulet)
MR     .....                    p - ring of stealth
                                o - cursed ring of teleportation

@: mighty, lethally poisoned, not resistant to hostile enchantments, stealthy
A: claws 1, deformed body, mutation resistance 1
a: Renounce Religion, Evoke Teleportation


You were on level 4 of the Dungeon.
You worshipped Ashenzari.
Ashenzari was noncommittal.
You were not hungry.

You visited 1 branch of the dungeon, and saw 4 of its levels.

You collected 140 gold pieces.

Inventory:

Hand weapons
 a - a +1 dagger of flaming (weapon)
 b - a +0 blowgun
 s - a +2 dagger
Missiles
 e - 25 poisoned needles
 f - 2 curare-tipped needles
 u - 6 sling bullets of frost
Armour
 c - a +0 robe (worn)
 d - a +1 cloak (worn)
Comestibles
 g - 2 bread rations
 w - a chunk of adder flesh
Scrolls
 h - a scroll of noise
 k - a scroll of teleportation
 l - 2 scrolls of magic mapping
Jewellery
 o - a cursed ring of teleportation (left claw)
 p - a ring of stealth (right claw)
Potions
 i - a potion of cancellation
 j - a potion of brilliance
 n - a potion of flight
 q - a potion of cure mutation
 t - a potion of restore abilities {unknown}


   Skills:
 + Level 3.3 Fighting
 - Level 2.6 Short Blades
 - Level 2.6 Throwing
 + Level 3.2 Dodging
 + Level 5.1 Stealth


You had 4 spell levels left.
You didn't know any spells.

Dungeon Overview and Level Annotations

Branches:
Dungeon (4/15)
 Temple: D:4-7

Altars:
Ashenzari
Elyvilon


Innate Abilities, Weirdness & Mutations

You are small and have problems with some larger weapons.
You are somewhat resistant to further mutation.
You have sharp fingernails.
Armour fits poorly on your strangely shaped body.


Message History

The orc closely misses you.
You hit the orc priest. You burn the orc priest.
The orc priest is lightly wounded.
The orc completely misses you. The orc hits you with a short sword.
* * * LOW HITPOINT WARNING * * *
You puncture the orc priest! You burn the orc priest.
The orc priest is severely wounded.
The orc priest invokes the aid of Beogh against you.
Pain shoots through your body!
* * * LOW HITPOINT WARNING * * *
The orc misses you. The orc hits you with a short sword.
* * * LOW HITPOINT WARNING * * *
Drink which item? (? for menu, Esc to quit)
You feel extremely strange.
Your body twists and deforms.
Your fingernails lengthen.
It was a potion of mutation.
* * * LOW HITPOINT WARNING * * *
You feel sick. The orc priest misses you. The orc misses you.
The orc hits you with a falchion.
You die...

...
+.....#
#.....#
#.....#
#.....#
#.....#
+.....#
#ooo.#
#.@..#
#.)..#
...####
.....
#...#.
#.....
.. ..
.... .


You could see an orc priest and 2 orcs.

Vanquished Creatures
  An orc priest (D:4)
  6 adders
  A giant mite (D:4)
  A worm (D:2)
  4 giant geckos
  An ooze (D:1)
  4 orcs (D:3)
  3 ball pythons (D:1)
  10 bats
  9 giant cockroaches
  5 hobgoblins
  3 jackals (D:3)
  2 giant newts (D:2)
  4 goblins
  7 kobolds
  A kobold skeleton (D:3)
  3 quokkas
  14 rats
79 creatures vanquished.

Notes
Turn   | Place    | Note
--------------------------------------------------------------
     0 | D:1      | Ratboiler, the Halfling Assassin, began the quest for the Orb.
     0 | D:1      | Reached XP level 1. HP: 14/14 MP: 1/1
   115 | D:1      | Reached XP level 2. HP: 19/19 MP: 2/2
   507 | D:1      | Reached XP level 3. HP: 18/24 MP: 3/3
  1173 | D:2      | Reached XP level 4. HP: 25/30 MP: 4/4
  2082 | D:3      | Reached XP level 5. HP: 10/36 MP: 5/5
  2109 | D:3      | Found a shattered altar of Ashenzari.
  2123 | D:3      | Found a white marble altar of Elyvilon.
  2556 | D:3      | Became a worshipper of Ashenzari the Shackled
  2892 | D:4      | Reached skill level 5 in Stealth
  2932 | D:4      | Gained mutation: Armour fits poorly on your strangely shaped body. [potion of mutation]
  2932 | D:4      | Gained mutation: You have sharp fingernails. [potion of mutation]
  2932 | D:4      | Slain by an orc

Action                   |  1- 3 |  4- 6 || total
-------------------------+-------+-------++-------
Melee: Dagger            |    95 |   179 ||   274
 Fire: Blowgun           |       |     2 ||     2
  Use: Scroll            |       |    10 ||    10
       Potion            |       |     4 ||     4
 Stab: Sleeping          |    10 |     5 ||    15
  Eat: Chunk             |     1 |     1 ||     2
       Bread ration      |       |     1 ||     1
